 Dungeon Crawl Stone Soup version 0.28-a0-723-g095bd1b44f (webtiles) character file.

Game seed: 1496485116722442731

4349 frimble the Ruffian (level 10, -19/86 (100) HPs)
             Began as a Troll Warper on Oct 26, 2021.
             Demolished by a white ugly thing (25 damage)
             ... on level 8 of the Dungeon.
             The game lasted 00:10:59 (7132 turns).

frimble the Ruffian (Troll Warper)                  Turns: 7132, Time: 00:11:00

HP:   -19/86 (100)  AC: -10   Str: 21    XL:     10   Next: 12%
MP:   10/10         EV:  9    Int: 12    God:
Gold: 518           SH:  0    Dex:  9    Spells: 9/11 levels left

rFire   . . .      SeeInvis .     - Unarmed
rCold   . . .      Faith    .   (no shield)
rNeg    . . .      Spirit   .   g - +2 robe
rPois   +          Reflect  .   (helmet restricted)
rElec   .          Harm     .   (no cloak)
rCorr   .          Rampage  .   (gloves unavailable)
Will    +....                   (boots unavailable)
Stlth   +.........              (no amulet)
HPRegen 1.24/turn               e - ring of poison resistance
MPRegen 0.12/turn               v - ring of willpower

@: corroded, heavily drained
A: large, unfitting armour, claws 3, regeneration 1, shaggy fur 1, tough skin 1
a: no special abilities


You were on level 8 of the Dungeon.
You visited 1 branch of the dungeon, and saw 8 of its levels.
You also visited: Sewer.

You collected 518 gold pieces.

Inventory:

Hand Weapons
 a - a +1 hunting sling
Missiles
 c - 5 boomerangs of dispersal
 f - 118 sling bullets
 o - 5 boomerangs
 w - 23 poisoned darts (quivered)
Armour
 g - a +2 robe (worn)
Jewellery
 e - a ring of poison resistance (left claw)
 h - a ring of flight
 v - a ring of willpower (right claw)
Wands
 i - a wand of mindburst (15)
 j - a wand of iceblast (8)
 n - a wand of paralysis (6)
Scrolls
 b - 4 scrolls of blinking
 k - a scroll of amnesia
 r - a scroll of identify
 u - a scroll of teleportation
 y - 2 scrolls of enchant weapon
Potions
 d - 5 potions of might
 l - 2 potions of flight
 m - a potion of resistance
 p - 2 potions of haste
 q - 5 potions of mutation
 s - 3 potions of magic
 t - 2 potions of invisibility
 x - a potion of attraction
 z - a potion of brilliance {unknown}


   Skills:
 + Level 6.3 Fighting
 + Level 6.7 Throwing
 - Level 1.9 Dodging
 + Level 7.6 Unarmed Combat
 - Level 1.2 Spellcasting
 - Level 5.0 Translocations
 + Level 3.2 Evocations


You had 9 spell levels left.
You knew the following spells:

 Your Spells              Type           Power      Damage    Failure   Level
a - Blink                 Tloc           24%        N/A       6%          2

Your spell library contained the following spells:

 Spells                   Type           Power      Damage    Failure   Level
 Gell's Gravitas          Tloc           6%         N/A       12%         3
 Lesser Beckoning         Tloc           12%        N/A       12%         3
 Teleport Other           Tloc           12%        N/A       12%         3
 Manifold Assault         Tloc           12%        N/A       71%         5


Dungeon Overview and Level Annotations

Branches:
Dungeon (8/15)             Temple (0/1) D:4           Sewer (visited)
   Lair: D:8-11

Altars:
Cheibriados
Dithmenos
Fedhas
Kikubaaqudgha
Makhleb
Okawaru
Qazlal
Trog
Xom
Zin
The Shining One
Beogh

Shops:
D:3 *   D:7 [

Annotations:
D:4 2 runed translucent doors, Dvallin's ghost, amateur NaWn
D:8 Maurice


Innate Abilities, Weirdness & Mutations

You are too large for most types of armour.
You have claws for hands.
Your natural rate of healing is unusually fast.
You are covered in fur. (AC +1)
You have tough skin. (AC +1)


Message History

You scratch the jelly. The acid corrodes you!
Your claws burn!
The jelly is almost dead.
The jelly hits you.
You are splashed with acid!
You are too injured to fight recklessly!
You are too injured to fight recklessly!
You are too injured to fight recklessly!
You are too injured to fight recklessly!
You are too injured to fight recklessly!
You are too injured to fight recklessly!
You are too injured to fight recklessly!
You are too injured to fight recklessly!
You barely miss the jelly.
The jelly is almost dead.
The jelly hits you. The acid corrodes you!
You are splashed with acid!
Maurice the Thief comes into view.
He is wielding a +2 short sword of draining and carrying a wand of acid (11).
Maurice shouts!
You hear a howl!
Maurice says, "Nice gear.
Can I borrow some?"
A howler monkey comes into view.
Maurice gestures wildly while chanting.
Maurice puts on a burst of speed!
The jelly closely misses you.
The howler monkey hoots and howls with incredible vigour!
You hear a shout! x2; You hear a horrible gurgling sound!
The jelly hits you. The acid corrodes you!
You are splashed with acid!
There is an open door here.
Maurice zaps a wand.
The bolt of acid hits the jelly.
The jelly completely resists.
The bolt of acid hits you!! The acid corrodes you!
Okay, then.
Maurice mumbles some strange words.
Maurice blinks!
An ugly thing, an orc and an orc wizard come into view.
The orc shouts!
The orc wizard shouts!
The howler monkey hoots and howls with incredible vigour!
Maurice zaps a wand.
The bolt of acid hits the jelly.
The jelly completely resists.
The bolt of acid hits you!!
* * * LOW HITPOINT WARNING * * *
The white ugly thing gores you.
* * * LOW HITPOINT WARNING * * *
The white ugly thing freezes you!!
You die...

#.......######.###...##. .
#.......................
..
#...####h#######'#####.?
#... #..# #.....###.....#
#. #..#
#..####.....###.....##.#
#..# #h
#.###....@###.....#.# #._#
#. #..###...J.###....#.#
#..# # +...###.....#
#...+.# #..#
#....####@######(.#.###...
#.....#.u...#.###.#.......
#....#..(..#..## #..#####
#...'..o..'...###..# #
##..#.....#....##..# #
##.#.(o..#.....#.## #
#####'####....#.# # ...
##...'.# # ##..#)# #


You could see a white ugly thing, Maurice (swift), a howler monkey, a jelly, an
orc wizard and an orc.

Vanquished Creatures
  Pikel (D:4)
  Grinder (D:4)
  Sigmund (D:2)
  A wyvern (D:8)
  A steam dragon (D:7)
  2 water moccasins (D:6)
  An orc warrior (D:7)
  2 black bears (D:7)
  3 ogres
  2 ice beasts
  A centaur (D:7)
  3 lemures (D:4)
  3 phantoms
  A bullfrog (D:7)
  A gnoll sergeant (D:5)
  A scorpion (D:5)
  A water moccasin skeleton (D:6)
  17 wights
  3 howler monkeys
  An iron imp (D:7)
  6 orc priests
  3 centaur skeletons
  4 hounds
  2 jellies
  3 iguanas
  Jessica (D:2)
  2 orc wizards
  A killer bee zombie (D:6)
  Robin (D:4)
  8 gnolls
  11 adders
  5 river rats (Sewer)
  2 shadow imps
  An ufetubus (D:7)
  2 adder skeletons (D:4)
  A worm (D:2)
  3 dart slugs
  13 orcs
  8 ball pythons
  10 bats
  8 endoplasms
  A giant cockroach (D:5)
  16 goblins
  9 hobgoblins
  4 jackals (D:3)
  5 quokkas
  4 frilled lizards
  24 kobolds
  23 rats
228 creatures vanquished.

Notes
Turn   | Place    | Note
-------+----------+-------------------------------------------
     0 | D:1      | frimble the Troll Warper began the quest for the Orb.
     0 | D:1      | Reached XP level 1. HP: 19/19 MP: 1/1
    33 | D:1      | Reached skill level 1 in Throwing
    73 | D:1      | Reached XP level 2. HP: 28/28 MP: 2/2
   695 | D:2      | Noticed Jessica
   695 | D:2      | Noticed Sigmund
   708 | D:2      | Killed Sigmund
   709 | D:2      | Reached skill level 3 in Unarmed Combat
   709 | D:2      | Reached XP level 3. HP: 32/36 MP: 3/3
   709 | D:2      | Reached XP level 4. HP: 39/44 MP: 4/4
   709 | D:2      | Reached XP level 5. HP: 44/50 MP: 5/5
   720 | D:2      | Killed Jessica
  1444 | D:2      | Learned a level 2 spell: Blink
  1511 | D:3      | Found Zaass's General Store.
  1735 | D:3      | Reached XP level 6. HP: 61/61 MP: 6/6
  1738 | D:3      | Found a faded altar of an unknown god.
  1739 | D:3      | Noticed a floating eye
  1742 | D:3      | Noticed a great orb of eyes
  1742 | D:3      | Noticed a great orb of eyes
  1742 | D:3      | Noticed a floating eye
  2544 | D:4      | Identified the +0 helmet of the Game of Life {rPois rCorr
                  | Str-4}
  2544 | D:4      | Noticed Robin
  2550 | D:4      | Killed Robin
  2583 | D:4      | Identified the +0 pair of gloves "Sewk" {+Blink}
  2717 | D:4      | Noticed Grinder
  2717 | D:4      | Paralysed by Grinder for 4 turns
  2728 | D:4      | Killed Grinder
  2729 | D:4      | Reached skill level 4 in Unarmed Combat
  2729 | D:4      | Reached XP level 7. HP: 57/67 MP: 7/7
  2800 | D:4      | Noticed Pikel
  2877 | D:4      | Killed Pikel
  2878 | D:4      | Reached XP level 8. HP: 66/78 MP: 8/8
  2947 | D:4      | Reached skill level 5 in Unarmed Combat
  3001 | D:4      | Found a large runed translucent door.
  3001 | D:4      | Found a large runed translucent door.
  3004 | D:4      | Noticed Dvallin's ghost (amateur NaWn)
  3337 | D:4      | Found a burning altar of Makhleb.
  3337 | D:4      | Noticed a balrug
  3448 | D:4      | Found a staircase to the Ecumenical Temple.
  3677 | D:5      | Entered Level 5 of the Dungeon
  3864 | D:5      | Reached skill level 5 in Throwing
  4091 | D:5      | Reached skill level 5 in Fighting
  4183 | D:5      | Found a glowing drain.
  4188 | Sewer    | Entered a sewer
  4378 | Sewer    | Reached skill level 6 in Unarmed Combat
  4859 | D:5      | Reached skill level 5 in Translocations
  4859 | D:5      | Reached XP level 9. HP: 88/88 MP: 9/9
  4990 | D:5      | Found an iron altar of Okawaru.
  4990 | D:5      | Found a stormy altar of Qazlal.
  5405 | D:6      | Reached skill level 1 in Evocations
  5588 | D:6      | Found a glowing golden altar of the Shining One.
  6008 | D:6      | Found an ancient bone altar of Kikubaaqudgha.
  6070 | D:7      | Found a blossoming altar of Fedhas.
  6117 | D:7      | Found a shadowy altar of Dithmenos.
  6130 | D:7      | Found Xarriax's Armour Emporium.
  6184 | D:7      | Found a bloodstained altar of Trog.
  6227 | D:7      | Reached skill level 7 in Unarmed Combat
  6355 | D:7      | Found a snail-covered altar of Cheibriados.
  6702 | D:8      | Found a shimmering altar of Xom.
  6702 | D:8      | Found a glowing silver altar of Zin.
  6704 | D:8      | Noticed an angel
  6938 | D:8      | Reached XP level 10. HP: 57/96 MP: 10/10
  7122 | D:8      | Noticed Maurice
  7131 | D:8      | Noticed a white ugly thing
  7132 | D:8      | Demolished by a white ugly thing

Illustrated notes

Levels and vault maps discovered:
D:1:      dpeg_arrival_arbitrary_c, layout_loops_cross, minmay_octomino_c4
D:2:      layout_loops_ring, kennysheep_nondescript, uniq_jessica, uniq_sigmund
D:3:      layout_loops_ring, serial_shops, shop,
          hellmonk_ecumenical_altar_watching_god
D:4:      layout_loops_corners, makhleb_altar_promises_db,
          minmay_temple_entry_proselytizer, ebering_ghost_disaster_area,
          chequers_jeans, uniq_pikel, uniq_grinder, uniq_robin
D:5:      layout_loops_ring, gammafunk_temple_overflow_pools,
          gup_sewer_entry_bowl
D:6:      layout_loops_ring, amcnicky_altar_gilded,
          mainiacjoe_overflow_cross_hatched
D:7:      layout_rooms, fedhas_altar_2, slow_altar_1,
          mainiacjoe_overflow_concentric_impassable, trog_ov_bears_minmay,
          serial_shops, shop, david_defended_altar_orc
D:8:      layout_loops_ring, grunt_temple_overflow_order_and_chaos_1,
          minmay_quadrilaterals, uniq_harold, uniq_maurice

Skill      XL: |  1  2  3  4  5  6  7  8  9 |
---------------+----------------------------+-----
Throwing       | 1 2 3 4 5 6 |  6.7
Fighting       | 2 3 4 5 6 |  6.3
Unarmed Combat | 3 4 6 7 |  7.6
Translocations | 3 4 5 |  5.0
Evocations     | 3 |  3.2
Dodging        | |  1.9
Spellcasting   | |  1.2

Action                   |  1- 3 |  4- 6 |  7- 9 | 10-12 || total
-------------------------+-------+-------+-------+-------++-------
Melee: Unarmed           |    57 |   200 |   546 |    40 ||   843
       Punch             |       |     1 |    12 |     1 ||    14
 Fire: Hunting sling     |       |     5 |    18 |       ||    23
Throw: Dart              |       |       |     1 |       ||     1
 Cast: Blink             |       |       |     4 |       ||     4
Evoke: Wand              |       |     1 |     2 |       ||     3
  Use: Scroll            |     2 |     3 |    11 |       ||    16
       Potion            |     1 |       |       |       ||     1
 Stab: Sleeping          |       |     1 |       |       ||     1
       Distracted        |       |       |     1 |       ||     1
Armor: Robe              |    25 |    88 |   199 |     4 ||   316
Dodge: Dodged            |    27 |    71 |   239 |    20 ||   357

Table legend: (Time is in decaauts)
 A = Elapsed time spent in this place.
 B = Non-inter-level travel time spent in this place.
 C = Inter-level travel time spent in this place.
 D = Time resting spent in this place.
 E = Time spent auto-exploring this place.
 F = Levels seen in this place.
 G = Mean time per level.
                   A        B        C        D        E       F      G
               +--------+--------+--------+--------+--------+-----+--------+
         Total |   7060 |   6689 |    371 |      0 |   4906 |   9 |  784.4 |
       Dungeon |   6436 |   6065 |    371 |      0 |   4511 |   8 |  804.5 |
         Sewer |    624 |    624 |      0 |      0 |    395 |   1 |  624.0 |
               +--------+--------+--------+--------+--------+-----+--------+

Top non-repeatable levels by time:
     D:4: 1280 daAuts
     D:5: 959 daAuts
     D:6: 903 daAuts
     D:2: 840 daAuts
     D:3: 831 daAuts
     D:1: 679 daAuts
     D:7: 671 daAuts
   Sewer: 624 daAuts
     D:8: 270 daAuts
